 Dungeon Crawl Stone Soup version 0.23-a0-14-g8c9a20f (webtiles) character file.

71575 Treefire the Lord of Darkness (level 14, -12/92 HPs)
             Began as a Deep Elf Fire Elementalist on Aug 3, 2018.
             Was the Champion of Kikubaaqudgha.
             Killed by divine providence
             ... invoked by Saint Roka
              (16 damage)
             ... on level 2 of the Orcish Mines.
             The game lasted 02:28:09 (30114 turns).

Treefire the Lord of Darkness (DEFE)               Turns: 30114, Time: 02:28:14

Health: -12/92     AC: 12    Str:  6    XL:     14   Next: 98%
Magic:  1/33       EV: 34    Int: 38    God:    Kikubaaqudgha [******]
Gold:   1621       SH:  7    Dex: 15    Spells: 0/39 levels left

rFire    + . .     SeeInvis .   a - +10 whip of Karma {slash, Int+5}
rCold    + . .     Gourm    .   m - +2 buckler {reflect}
rNeg     . . .     Faith    .   Z - +2 robe {rC+ rF+}
rPois    .         Spirit   .   g - +2 helmet {Int+3}
rElec    .         Reflect  +   t - scarf {repulsion}
rCorr    .         Harm     .   X - +2 pair of gloves
MR       ++...                  Y - +1 pair of boots
Stlth    ++........             p - amulet of the acrobat
HPRegen  0.25/turn              P - ring of protection from magic
MPRegen  0.23/turn              L - +3 ring of intelligence

@: death channel, repel missiles
A: clever 1
a: Receive Corpses, Torment, Brand Weapon With Pain, Receive Necronomicon,
Renounce Religion


You were on level 2 of the Orcish Mines.
You worshipped Kikubaaqudgha.
Kikubaaqudgha was exalted by your worship.
You were not hungry.

You visited 3 branches of the dungeon, and saw 21 of its levels.
You also visited: Ossuary.

You collected 1819 gold pieces.
You spent 198 gold pieces at shops.

Inventory:

Hand Weapons
 a - the +10 whip of Karma (weapon) {slash, Int+5}
   (You found it on level 8 of the Dungeon)

   It inflicts extra damage upon your enemies.
   It affects your intelligence (+5).
 b - a +0 hunting sling
 c - a +0 blowgun
 C - a +2 dagger of venom
 U - the +10 dagger of Kodanidgh {flame, Int+8}
   (You took it off a centaur on level 11 of the Dungeon)

   It has been specially enchanted to burn those struck by it, causing extra
   injury to most foes and up to half again as much damage against particularly
   susceptible opponents.
   It affects your intelligence (+8).
Missiles
 h - 2 throwing nets
 i - 363 stones (quivered)
 j - 137 poisoned needles
 n - 61 sling bullets
 B - 6 curare-tipped needles
 E - 7 needles of confusion
Armour
 g - a +2 helmet of intelligence (worn)
 m - a +2 buckler of reflection (worn)
 t - a scarf of repulsion (worn)
 X - a +2 pair of gloves (worn)
 Y - a +1 pair of boots (worn)
 Z - a +2 robe of resistance (worn)
Magical Staves
 G - an uncursed staff of power
 I - an uncursed staff of wizardry
Jewellery
 p - an amulet of the acrobat (around neck)
 y - an uncursed ring of protection from fire
 L - a +3 ring of intelligence (right hand)
 P - a ring of protection from magic (left hand)
Wands
 f - a wand of clouds (6)
 w - a wand of scattershot (6)
 x - a wand of iceblast (10)
 K - a wand of acid (13)
 M - a wand of paralysis (8)
 R - a wand of digging (11)
 S - a wand of flame (30)
 T - a wand of enslavement (35)
 V - a wand of disintegration (10)
Scrolls
 k - 4 scrolls of remove curse
 u - 4 scrolls of teleportation
 F - 4 scrolls of enchant weapon
 O - a scroll of fog
 W - 5 scrolls of magic mapping
Potions
 d - 8 potions of might
 e - a potion of berserk rage
 l - a potion of magic
 o - 4 potions of brilliance
 q - 6 potions of haste
 r - 4 potions of flight
 s - a potion of agility
 v - a potion of ambrosia
 A - 7 potions of curing
 Q - 2 potions of resistance
Miscellaneous
 D - 2 phantom mirrors
 J - a box of beasts
Comestibles
 z - 34 rations
 H - 3 chunks of flesh


   Skills:
 + Level 12.7 Fighting
 - Level 5.6 Short Blades
 - Level 10.0 Dodging
 - Level 2.4 Stealth
 - Level 4.0 Shields
 - Level 13.0 Spellcasting
 - Level 8.0 Conjurations
 - Level 15.7 Necromancy
 - Level 1.4 Translocations
 - Level 8.0 Fire Magic


You couldn't memorise any spells.
You knew the following spells:

 Your Spells              Type           Power        Failure   Level  Hunger
a - Flame Tongue          Conj/Fire      #####        1%          1    None
b - Throw Flame           Conj/Fire      ######       1%          2    None
c - Conjure Flame         Conj/Fire      ######..     1%          3    None
d - Sticky Flame          Conj/Fire      ######..     1%          4    None
e - Blink                 Tloc           N/A          1%          2    None
f - Animate Skeleton      Necr           N/A          0%          1    None
g - Sublimation of Blood  Necr           #######...   0%          2    None
h - Vampiric Draining     Necr           #######...   0%          3    None
i - Borgnjor's Vile Clut  Necr/Erth      ######....   1%          5    None
j - Death Channel         Necr           #######...   1%          6    ##.....
k - Fireball              Conj/Fire      ######....   1%          5    None
l - Dispel Undead         Necr           #######.     1%          5    None

Your spell library contained the following spells:

 Spells                   Type           Power        Failure   Level  Hunger
 Cause Fear               Hex            ###.......   14%         4    None
 Magic Dart               Conj           ####         1%          1    None
 Slow                     Hex            ###.....     2%          2    None
 Mephitic Cloud           Conj/Pois/Air  #####...     1%          3    None
 Venom Bolt               Conj/Pois      ######....   8%          5    None
 Olgreb's Toxic Radiance  Pois           ###.....     14%         4    None
 Animate Dead             Necr           N/A          1%          4    None
 Pain                     Necr           ####         0%          1    None
 Call Imp                 Summ           ###.....     2%          2    None
 Sting                    Conj/Pois      ####         1%          1    None
 Summon Demon             Summ           ###.......   38%         5    None
 Recall                   Summ/Tloc      N/A          3%          3    None
 Shadow Creatures         Summ           N/A          92%         6    ##.....
 Corona                   Hex            ###....      1%          1    None
 Simulacrum               Ice/Necr       ######....   9%          6    ##.....
 Portal Projectile        Hex/Tloc       ####..       3%          3    None
 Leda's Liquefaction      Hex/Erth       ###.......   14%         4    None
 Inner Flame              Hex/Fire       ######..     1%          3    None
 Aura of Abjuration       Summ           ###.......   38%         5    None
 Summon Forest            Summ/Tloc      ####......   30%         5    None
 Summon Mana Viper        Hex/Summ       ###.....     38%         5    None
 Poisonous Vapours        Pois/Air       ###...       2%          2    None


Dungeon Overview and Level Annotations

Branches:
Dungeon (13/15)            Temple (0/1) D:5            Lair (6/6) D:8
  Swamp (0/4) Lair:3        Snake (0/4) Lair:4        Slime (0/5) Lair:5
    Orc (2/2) D:11            Elf (0/3) Orc:2
 Vaults: D:13-14

Altars:
Dithmenos
Elyvilon
Kikubaaqudgha
Makhleb
Nemelex Xobeh
Okawaru
Qazlal
Ru
Sif Muna
Trog
Uskayaw
Vehumet
Wu Jian
Xom
Yredelemnul
Zin
Beogh
Jiyva

Shops:
D:7 [   Orc:1 !

Annotations:
D:10 1 runed door
Lair:2 2 transporters
Orc:2 Saint Roka


Innate Abilities, Weirdness & Mutations

Your mind is acute. (Int +2)


Message History

The orc priest no longer looks unusually strong.
The orc no longer looks unusually strong.
The orc priest no longer looks unusually strong.
Saint Roka invokes the aid of Beogh against you.
Beogh smites you!
* * * LOW HITPOINT WARNING * * *
The orc warrior barely misses you.
Your orc priest skeleton closely misses the ogre.
The ogre hits you but does no damage.
The ynoxinul gestures.
The warg bites you!
* * * LOW HITPOINT WARNING * * *
You swap places.
The orc priest invokes the aid of Beogh against you.
Beogh smites you!
* * * LOW HITPOINT WARNING * * *
Saint Roka calls down the wrath of Beogh upon you.
Beogh smites you!
You die...
Kikubaaqudgha rasps: "You have failed me!
Welcome... death!"

.... #)# ##......Z...Z.### ....#
##)# #..##########...#
.##..#####.)#####.## ###..
#.#......[))#.#...# ##Z
........[.[[)....#### #.
..........##.....#o8##+###' ##
..........#....8.'oo.o3o..O #
#......<.###.....ZOo.oo58.o #
#.....#.##.#...8@Zh.o.o3.o. #
#......#....#.(..#o8##+###' ##
............#(...#### #.
.......#.#.....#..# ##.
.......##.#)...##.## ###..
.........#.##.###..##########....
.##+##......### ##..Z............
# ##......# #####........... #
#.....## ### ##..........


You could see Saint Roka, a neqoxec, a ynoxinul, a warg, 2 orc sorcerers, 4 orc
warriors, an ogre, 2 orc priests, 2 orcs, an ufetubus, a friendly spectral troll
and a friendly orc priest skeleton.

Vanquished Creatures
  An ogre mage (Orc:2)
  A catoblepas (Lair:2)
  A centaur warrior (D:13)
  7 hydras
  2 orc high priests (Orc:2)
  A tengu warrior (D:13)
  6 two-headed ogres
  2 unseen horrors (D:11)
  2 deep elf magi (Orc:1)
  3 ugly things
  3 orc sorcerers (Orc:2)
  2 orc knights
  8 elephants
  A manticore (D:11)
  A cyclops (D:13)
  2 black mambas (Lair:6)
  A torpor snail (Lair:3)
  17 spiny frogs
  A gargoyle (D:9)
  A kobold demonologist (D:9)
  4 komodo dragons
  A rime drake (Lair:1)
  3 tyrant leeches (Lair:5)
  4 trolls
  Grinder (D:6)
  11 hippogriffs
  6 dream sheep (Lair:5)
  16 blink frogs
  30 yaks
  2 wraiths (Ossuary)
  A vampire (D:9)
  2 wyverns
  Grum (D:8)
  A tarantella (shapeshifter) (D:13)
  2 hungry ghosts
  3 basilisks
  2 nagas (Lair:4)
  10 vampire mosquitoes
  A soldier ant (D:12)
  4 wargs
  An acid dragon (D:13)
  4 water moccasins
  12 porcupines
  11 orc warriors
  4 ice beasts
  4 black bears
  A necrophage (D:11)
  4 sky beasts
  An eye of draining (D:11)
  21 wolves
  17 ogres
  9 centaurs
  9 crocodiles
  2 big kobolds
  23 bullfrogs
  A gnoll sergeant (D:10)
  A water moccasin zombie (D:11)
  4 killer bees (D:10)
  7 scorpions
  17 wights
  An electric eel (Lair:5)
  5 crimson imps
  A centaur zombie (D:6)
  8 orc priests
  6 jellies
  6 hounds
  A quasit (D:8)
  4 centaur skeletons
  An iron imp (Orc:1)
  5 iguanas
  23 orc wizards
  9 worker ants
  A hound zombie (D:11)
  A mummy (D:5)
  A worker ant zombie (D:7)
  17 adders
  9 gnolls
  3 river rats (D:5)
  3 shadow imps
  A white imp (Orc:1)
  3 adder zombies (Ossuary)
  5 worms
  A dart slug (D:4)
  3 leopard geckos
  58 orcs
  4 giant cockroaches
  5 goblins
  12 hobgoblins
  6 jackals
  12 kobolds
  4 quokkas
  5 ball pythons
  3 ball python skeletons (Ossuary)
  4 bats
  5 frilled lizards
  A goblin zombie (D:5)
  A hobgoblin skeleton (Ossuary)
  A hobgoblin zombie (D:5)
  A kobold zombie (Ossuary)
  An orc zombie (Ossuary)
  A quokka skeleton (D:5)
  8 rats
  A spectral orc (D:4)
  5 fungi
  3 plants (Lair:6)
580 creatures vanquished.

Vanquished Creatures (collateral kills)
  A stone giant (Orc:1)
  A hydra (Lair:6)
  A catoblepas (Lair:6)
  A two-headed ogre (Orc:2)
  An unseen horror (D:12)
  An orc knight (Orc:2)
  An ugly thing (D:11)
  8 elephants
  5 black mambas
  12 spiny frogs
  A rime drake (Lair:4)
  2 komodo dragons (Lair:4)
  A freezing wraith (D:9)
  2 tyrant leeches (Lair:6)
  8 blink frogs
  A dream sheep (Lair:5)
  4 yaks
  2 vampire mosquitoes (Lair:6)
  2 wargs
  A naga (Lair:4)
  4 water moccasins
  2 porcupines (Lair:2)
  A swamp drake (Orc:1)
  3 orc warriors
  An eye of draining (D:13)
  4 wolves
  2 crocodiles
  2 ogres
  5 bullfrogs
  A scorpion (D:9)
  An electric eel (Lair:5)
  A crimson imp (Orc:1)
  An orc priest (Orc:1)
  2 orc wizards
  A centaur skeleton (D:6)
  A killer bee zombie (D:6)
  2 shadow imps
  6 orcs
  2 fungi
98 creatures vanquished.

Vanquished Creatures (others)
  A quokka (D:6)
  29 fungi
  39 plants
69 creatures vanquished.

Grand Total: 747 creatures vanquished

Notes
Turn   | Place    | Note
-------+----------+-------------------------------------------
     0 | D:1      | Treefire the Deep Elf Fire Elementalist began the quest for the Orb.
     0 | D:1      | Reached XP level 1. HP: 10/10 MP: 6/6
   809 | D:1      | Reached XP level 2. HP: 6/15 MP: 6/8
  1360 | D:2      | Learned a level 2 spell: Throw Flame
  1360 | D:2      | Found a deep blue altar of Sif Muna.
  1892 | D:2      | Reached XP level 3. HP: 14/19 MP: 4/9
  1969 | D:2      | Learned a level 3 spell: Conjure Flame
  2489 | D:3      | Reached XP level 4. HP: 24/24 MP: 7/10
  2979 | D:3      | Noticed a centaur
  3557 | D:3      | Found a faded altar of an unknown god.
  3597 | D:3      | Found a shadowy altar of Dithmenos.
  3975 | D:4      | Noticed a bullfrog
  3979 | D:4      | Reached XP level 5. HP: 28/28 MP: 8/12
  4162 | D:4      | Reached skill level 5 in Spellcasting
  4288 | D:4      | Learned a level 4 spell: Sticky Flame
  4337 | D:4      | Found a basalt altar of Yredelemnul.
  4643 | D:3      | Found an ancient bone altar of Kikubaaqudgha.
  4649 | D:3      | Became a worshipper of Kikubaaqudgha
  4666 | D:5      | Entered Level 5 of the Dungeon
  4729 | D:5      | Found an ornate altar of the Wu Jian Council.
  4770 | D:5      | Found a sparkling altar of Nemelex Xobeh.
  4823 | D:5      | Reached skill level 5 in Fire Magic
  4823 | D:5      | Reached XP level 6. HP: 32/32 MP: 11/15
  4929 | D:5      | Found a burning altar of Makhleb.
  5077 | D:5      | Found a sand-covered staircase.
  5093 | Ossuary  | Entered an ossuary
  5204 | Ossuary  | Reached skill level 10 in Spellcasting
  5204 | Ossuary  | Reached XP level 7. HP: 50/50 MP: 16/23
  5424 | Ossuary  | Noticed a flying skull
  5424 | Ossuary  | Noticed a wraith
  5431 | Ossuary  | Noticed a flying skull
  5435 | Ossuary  | Noticed a flying skull
  5447 | Ossuary  | Reached skill level 5 in Conjurations
  5543 | Ossuary  | Noticed a wraith
  5557 | Ossuary  | Killed a wraith
  5637 | Ossuary  | Noticed a flying skull
  5648 | Ossuary  | Noticed a wraith
  5668 | Ossuary  | Killed a wraith
  5668 | Ossuary  | Reached XP level 8. HP: 53/55 MP: 4/24
  5961 | D:5      | Reached * piety under Kikubaaqudgha
  5961 | D:5      | Identified Kikubaaqudgha's Tome of Dark Secrets (Kikubaaqudgha gifted it to you on level 5 of the Dungeon)
  5961 | D:5      | Received a gift from Kikubaaqudgha
  6008 | D:5      | Learned a level 1 spell: Pain
  6010 | D:5      | Learned a level 1 spell: Animate Skeleton
  6013 | D:5      | Learned a level 2 spell: Sublimation of Blood
  6017 | D:5      | Learned a level 3 spell: Vampiric Draining
  6023 | D:5      | Found a radiant altar of Vehumet.
  6024 | D:5      | Found an iron altar of Okawaru.
  6098 | D:5      | Found a glowing silver altar of Zin.
  6099 | D:5      | Found a stormy altar of Qazlal.
  6123 | D:5      | Found a staircase to the Ecumenical Temple.
  6990 | D:6      | You fall through a shaft for 2 floors!
  6993 | D:8      | Got a brightly glowing whip
  7076 | D:8      | Identified the +10 whip of Karma {slash, Int+5} (You found it on level 8 of the Dungeon)
  7125 | D:8      | Noticed Grum
  7208 | D:8      | Killed Grum
  7386 | D:8      | Reached XP level 9. HP: 60/60 MP: 15/25
  7682 | D:8      | Found a staircase to the Lair.
  7709 | D:8      | Reached ** piety under Kikubaaqudgha
  7891 | D:7      | Reached skill level 1 in Necromancy
  7994 | D:7      | Found Lass's Armour Shop.
  8000 | D:7      | Bought a +1 helmet of intelligence for 198 gold pieces
  8022 | D:7      | Reached skill level 2 in Necromancy
  8315 | D:7      | Reached skill level 3 in Necromancy
  8481 | D:7      | Found a hide-covered altar of Uskayaw.
  8554 | D:7      | Reached skill level 4 in Necromancy
  9177 | D:7      | Reached skill level 5 in Necromancy
  9787 | D:6      | Reached skill level 6 in Necromancy
  9905 | D:6      | Noticed Grinder
  9907 | D:6      | Paralysed by Grinder for 2 turns
  9913 | D:6      | Killed Grinder
  9913 | D:6      | Reached skill level 7 in Necromancy
  9913 | D:6      | Reached XP level 10. HP: 65/65 MP: 15/26
 10033 | D:6      | Found a shimmering altar of Xom.
 10121 | D:6      | Found a sacrificial altar of Ru.
 10191 | D:6      | Found a white marble altar of Elyvilon.
 10941 | D:8      | Reached skill level 8 in Necromancy
 11335 | D:9      | Noticed a two-headed ogre
 11339 | D:9      | Noticed a two-headed ogre
 11356 | D:9      | Killed a two-headed ogre
 11366 | D:9      | Reached *** piety under Kikubaaqudgha
 11366 | D:9      | Identified Kikubaaqudgha's Handbook of Black Rites (Kikubaaqudgha gifted it to you on level 9 of the Dungeon)
 11366 | D:9      | Received a gift from Kikubaaqudgha
 11586 | D:8      | Learned a level 5 spell: Borgnjor's Vile Clutch
 11591 | D:8      | Learned a level 4 spell: Animate Dead
 11778 | D:9      | Noticed a white ugly thing
 12080 | Lair:1   | Entered Level 1 of the Lair of Beasts
 12405 | Lair:1   | Reached skill level 9 in Necromancy
 12605 | Lair:1   | Noticed a spiny frog
 12618 | Lair:1   | Killed a spiny frog
 12618 | Lair:1   | Reached skill level 10 in Necromancy
 13187 | Lair:1   | Reached XP level 11. HP: 70/71 MP: 18/28
 13473 | Lair:1   | Noticed a six-headed hydra
 13479 | Lair:1   | Killed a six-headed hydra
 13871 | Lair:2   | Reached skill level 11 in Necromancy
 13995 | Lair:2   | Noticed a catoblepas
 14033 | Lair:2   | Killed a catoblepas
 14070 | Lair:2   | Reached skill level 12 in Necromancy
 14492 | Lair:2   | Found a transporter.
 14652 | Lair:2   | Found a transporter.
 14678 | Lair:2   | Reached skill level 13 in Necromancy
 15321 | Lair:2   | Reached **** piety under Kikubaaqudgha
 15663 | Lair:3   | Reached skill level 14 in Necromancy
 15671 | Lair:3   | Reached skill level 5 in Dodging
 15671 | Lair:3   | Reached XP level 12. HP: 24/76 MP: 1/29
 15828 | Lair:3   | Found a bloodstained altar of Trog.
 15829 | Lair:3   | Found a staircase to the Swamp.
 16701 | Lair:4   | Found a staircase to the Snake Pit.
 16868 | Lair:4   | Noticed a seven-headed hydra
 16878 | Lair:4   | Killed a seven-headed hydra
 17193 | Lair:4   | Reached skill level 15 in Necromancy
 17823 | Lair:5   | Noticed an eight-headed hydra
 17830 | Lair:5   | Killed an eight-headed hydra
 18154 | Lair:5   | Learned a level 2 spell: Blink
 18160 | Lair:5   | Learned a level 5 spell: Fireball
 18199 | Lair:5   | Reached ***** piety under Kikubaaqudgha
 18797 | Lair:5   | Found a staircase to the Slime Pits.
 18797 | Lair:5   | Found a viscous altar of Jiyva.
 18815 | Lair:5   | Reached XP level 13. HP: 78/80 MP: 22/31
 18978 | Lair:5   | Reached skill level 1 in Translocations
 19657 | Lair:6   | Entered Level 6 of the Lair of Beasts
 20212 | Lair:6   | Reached skill level 10 in Dodging
 21010 | Lair:5   | Reached skill level 10 in Fighting
 21436 | Lair:6   | Reached ****** piety under Kikubaaqudgha
 22336 | Lair:6   | Reached XP level 14. HP: 90/90 MP: 23/33
 22822 | D:9      | Gained mutation: Your mind is acute. (Int +2) [a neqoxec]
 22826 | D:9      | Reached skill level 1 in Shields
 23941 | D:10     | Entered Level 10 of the Dungeon
 24464 | D:10     | Found a runed door.
 25134 | D:11     | Reached skill level 1 in Short Blades
 25249 | D:11     | Got an uncursed ichor-stained dagger {flame}
 25838 | D:11     | Found a staircase to the Orcish Mines.
 26831 | D:12     | Reached skill level 5 in Short Blades
 27234 | D:12     | Identified the +10 dagger of Kodanidgh {flame, Int+8} (You took it off a centaur on level 11 of the Dungeon)
 27779 | D:13     | Learned a level 6 spell: Death Channel
 27785 | D:13     | Learned a level 5 spell: Dispel Undead
 28090 | Orc:1    | Entered Level 1 of the Orcish Mines
 28659 | Orc:2    | Entered Level 2 of the Orcish Mines
 28775 | Orc:2    | HP: 4/92 [two-headed ogre/giant spiked club (15)]
 29204 | Orc:1    | Noticed a stone giant
 29216 | Orc:1    | Killed a stone giant
 29253 | Orc:1    | Found Tanafrecu's Distillery.
 29723 | Orc:2    | Found a roughly hewn altar of Beogh.
 29803 | Orc:2    | Found a roughly hewn altar of Beogh.
 29882 | Orc:2    | Found a roughly hewn altar of Beogh.
 30021 | Orc:2    | Found a roughly hewn altar of Beogh.
 30057 | Orc:2    | Found a staircase to the Elven Halls.
 30099 | Orc:2    | Noticed Saint Roka
 30114 | Orc:2    | HP: 4/92 [orc priest/divine providence[Saint Roka] (14)]
 30114 | Orc:2    | Killed from afar by Saint Roka

Vault maps used:
D:1:      minmay_arrival_widening_spiral_wide
D:2:      overflow_temple_1_default
D:3:      lemuel_upstairs_altar, lemuel_crystal_altar,
          chequers_ecumenical_altar_island
D:4:      yredelemnul_forgotten_temple_becter
D:5:      nemelex_xobeh_ov_fountains_minmay, marbit_many_paths,
          nicolae_overflow_hidden_temple, kennysheep_mini,
          minmay_temple_entry_statues_pillars, portal_sewer_entry_b,
          nicolae_ossuary_entry_giza, first_ration
D:6:      lemuel_crystal_altar, xom_teletrap_fun, elyvilon_altar_4, uniq_grinder
D:7:      old_standard_altar, serial_curves, eino_curves_01, eino_curves_01,
          serial_shops, nicolae_shop_statue_plus, grunt_ogre_cave
D:8:      due_lair_maze_entry_diamond, uniq_grum
D:9:      minmay_the_grid_octo_triangle
D:10:     minivault_13
D:11:     orc_0_dummy
D:13:     minmay_curly_fans
Lair:1:   lab_entry_generic, beast_lair_carwin_2, grunt_megastairs_3,
          infiniplex_staircase_pool_2
Lair:2:   gammafunk_cloud_chamber, beast_lair_carwin_4
Lair:3:   minmay_swamp_entry_swarm, basic_altar, grunt_forest_large_clearing_hut
Lair:4:   guppyfry_snake_entry_garden, minivault_27
Lair:5:   slime_altar_1, small_statue_intersection, minivault_25,
          serial_bayou_shore_a
Lair:6:   minmay_lair_end_frog_pond, st_stairs_3
Orc:1:    serial_shops, shop, enter_volcano_1, hangedman_minor_magic
Orc:2:    grunt_orc_community_town_hall, grunt_orc_community_big_house_2,
          grunt_orc_community_big_house_1, grunt_orc_community_house_3,
          grunt_orc_community_house_2, grunt_orc_community_house_3,
          grunt_orc_community_house_1, grunt_orc_community_house_2, basic_altar,
          kennysheep_orc_chapel
Ossuary:  ossuary_due_cavern

Skill      XL: |  1  2  3  4  5  6  7  8  9 10 11 12 13 14 |
---------------+-------------------------------------------+-----
Conjurations   | 2 3 4 5 7 8 |  8.0
Fire Magic     | 4 5 6 7 8 |  8.0
Spellcasting   | 5 10 11 12 13 | 13.0
Fighting       | 8 9 11 12 | 12.7
Necromancy     | 7 10 14 15 | 15.7
Dodging        | 5 8 10 | 10.0
Translocations | 1 |  1.4
Shields        | 4 |  4.0
Short Blades   | 5 |  5.6
Stealth        | |  2.4

Action                   |  1- 3 |  4- 6 |  7- 9 | 10-12 | 13-15 || total
-------------------------+-------+-------+-------+-------+-------++-------
Melee: Short sword       |       |     1 |     8 |       |       ||     9
       Whip              |       |       |    15 |    46 |   292 ||   353
       Dagger            |       |       |       |       |     6 ||     6
 Fire: Hunting sling     |     6 |    24 |    52 |     6 |    11 ||    99
Throw: Stone             |    18 |       |     1 |     1 |     1 ||    21
 Cast: Flame Tongue      |    47 |    52 |   221 |   248 |   231 ||   799
       Throw Flame       |     5 |    18 |    41 |    83 |    37 ||   184
       Conjure Flame     |       |     6 |    17 |    18 |     9 ||    50
       Sticky Flame      |       |       |    10 |    46 |   102 ||   158
       Pain              |       |       |     2 |     2 |       ||     4
       Animate Skeleton  |       |       |     2 |    57 |    79 ||   138
       Borgnjor's Vile C |       |       |       |    41 |    91 ||   132
       Animate Dead      |       |       |       |     5 |    20 ||    25
       Sublimation of Bl |       |       |       |     2 |     6 ||     8
       Fireball          |       |       |       |     2 |    31 ||    33
       Blink             |       |       |       |       |     2 ||     2
       Vampiric Draining |       |       |       |       |     6 ||     6
       Death Channel     |       |       |       |       |     3 ||     3
Evoke: Wand              |       |       |     2 |       |     1 ||     3
  Use: Scroll            |     3 |     7 |     7 |    12 |     9 ||    38
       Potion            |       |     1 |       |       |     5 ||     6
 Stab: Sleeping          |       |     1 |       |       |     1 ||     2
       Distracted        |       |       |       |     1 |       ||     1
  Eat: Chunk             |     5 |     9 |    14 |    24 |    29 ||    81
       Ration            |       |       |       |     1 |     2 ||     3
Armor: Robe              |     2 |     2 |    27 |    33 |    72 ||   136
       Skin              |       |       |       |       |    25 ||    25
       Troll leather arm |       |       |       |       |    15 ||    15
Dodge: Dodged            |     6 |    19 |    74 |   128 |   430 ||   657
       Deflected         |       |       |       |       |     4 ||     4
Block: Buckler           |       |       |       |       |    65 ||    65
       Reflection        |       |       |       |       |     2 ||     2

Table legend:
 A = Spawn XP
 B = Non-spawn XP
 C = Spawn XP percentage of total XP
 D = Spawn monster count
 E = Non-spawn monster count
 F = Spawn count percentage of total count
 G = Total turns spent on level
                    A         B        C        D         E        F      G
               +---------+---------+-------+---------+---------+-------+---------
         Total |       0 |  101788 |   0.0 |       0 |     668 |   0.0 | 30114
               +---------+---------+-------+---------+---------+-------+---------
           D:1 |       0 |      18 |   0.0 |       0 |      11 |   0.0 |  1254
           D:2 |       0 |      35 |   0.0 |       0 |      16 |   0.0 |  1399
           D:3 |       0 |     137 |   0.0 |       0 |      25 |   0.0 |  1234
           D:4 |       0 |     177 |   0.0 |       0 |      11 |   0.0 |   779
           D:5 |       0 |     401 |   0.0 |       0 |      26 |   0.0 |  1512
           D:6 |       0 |    1130 |   0.0 |       0 |      18 |   0.0 |   988
           D:7 |       0 |    1483 |   0.0 |       0 |      24 |   0.0 |  1797
           D:8 |       0 |    2168 |   0.0 |       0 |      30 |   0.0 |  1694
           D:9 |       0 |    5707 |   0.0 |       0 |      39 |   0.0 |  1875
          D:10 |       0 |    2221 |   0.0 |       0 |      28 |   0.0 |  1181
          D:11 |       0 |    7227 |   0.0 |       0 |      63 |   0.0 |  1465
          D:12 |       0 |    2897 |   0.0 |       0 |      26 |   0.0 |  1410
          D:13 |       0 |    3601 |   0.0 |       0 |      11 |   0.0 |   325
        Lair:1 |       0 |    5606 |   0.0 |       0 |      27 |   0.0 |  2059
        Lair:2 |       0 |    6567 |   0.0 |       0 |      28 |   0.0 |  1362
        Lair:3 |       0 |    2805 |   0.0 |       0 |      12 |   0.0 |   936
        Lair:4 |       0 |    6900 |   0.0 |       0 |      32 |   0.0 |  1684
        Lair:5 |       0 |   14498 |   0.0 |       0 |      50 |   0.0 |  3267
        Lair:6 |       0 |   20187 |   0.0 |       0 |      78 |   0.0 |  1356
         Orc:1 |       0 |    4696 |   0.0 |       0 |      32 |   0.0 |   990
         Orc:2 |       0 |   12773 |   0.0 |       0 |      68 |   0.0 |   802
       Ossuary |       0 |     554 |   0.0 |       0 |      13 |   0.0 |   745
               +---------+---------+-------+---------+---------+-------+---------
